 Dungeon Crawl Stone Soup version 0.22-a0-533-g4d20840 (webtiles) character file.

0 Amnesiac the Ducker (level 1, 11/11 HPs)
             Began as a Spriggan Abyssal Knight on June 23, 2018.
             Was an Initiate of Lugonu.
             Got out of the dungeon alive.
             The game lasted 00:00:29 (88 turns).

Amnesiac the Ducker (Spriggan Abyssal Knight)         Turns: 88, Time: 00:00:30

Health: 11/11      AC:  2    Str:  8    XL:     1   Next: 8%
Magic:  2/3        EV: 18    Int: 13    God:    Lugonu [......]
Gold:   24         SH:  0    Dex: 15    Spells: 0/0 levels left

rFire    . . .     SeeInvis +   a - +1 short sword
rCold    . . .     Gourm    .   (shield restricted)
rNeg     . . .     Faith    .   b - +0 robe
rPois    .         Spirit   .   (helmet restricted)
rElec    .         Reflect  .   (no cloak)
rCorr    .         Harm     .   (gloves unavailable)
MR       .....                  (boots unavailable)
Stlth    ++........             (no amulet)
HPRegen  0.03/turn              (no ring)
MPRegen  0.08/turn              (no ring)

@: very quick
A: very small, unfitting armour, see invisible, herbivore, speed 3, slow
metabolism 2
a: Renounce Religion


You escaped.
You worshipped Lugonu.
Lugonu was noncommittal.
You were not hungry.

You visited 1 branch of the dungeon, and saw 1 of its levels.
You visited the Abyss 1 time.

You collected 24 gold pieces.

Inventory:

Hand Weapons
 a - a +1 short sword (weapon)
Armour
 b - a +0 robe (worn)
 e - a +0 cloak
Comestibles
 c - a ration


   Skills:
 - Level 2.4 Fighting
 - Level 2.1 Short Blades
 - Level 3.5 Dodging
 + Level 0.4 Stealth
 - Level 1.7 Invocations


You couldn't memorise any spells.
You didn't know any spells.
Your spell library was empty.

Dungeon Overview and Level Annotations

Branches:
Dungeon (1/15)

Altars:


Innate Abilities, Weirdness & Mutations

You are very small and have problems with some larger weapons.
You are too small for most types of armour.
You have supernaturally acute eyesight. (SInv)
You are a herbivore.
You cover ground extremely quickly.
You need to consume almost no food.


Message History

Welcome, Amnesiac the Spriggan Abyssal Knight.
Will you be the one to retrieve the fabulous Orb of Zot from the depths?
Lugonu says: Depart the Abyss and spread corruption, my servant! (use the ability menu to exit the Abyss) Press ? for a list of commands and other information.
Found a scroll labeled XUESHRIAVIB.
Found a corrupted altar of Lugonu.
Found a gateway leading deeper into the Abyss.
Found a gateway leading out of the Abyss.
d - a scroll labeled XUESHRIAVIB {!r}
There is a gateway leading deeper into the Abyss here.
You plunge deeper into the Abyss.
You can't go down here!
You can't go down here!
e - a cloak You now have 24 gold pieces.
A hellion and a large abomination come into view.
An orange demon comes into view.
The orange demon screeches!
You hear a roar!
A thrashing horror comes into view.
The thrashing horror moves out of view.
The thrashing horror roars!
The thrashing horror completely misses you.
The thrashing horror misses you.
Okay, then.
You pass through the gate.
You can no longer depart the Abyss at will.
A rat comes into view.
There is a staircase leading out of the dungeon here.
Unknown command.
Unknown command.
Really read
d - a scroll labeled XUESHRIAVIB {!r}?
As you read the scroll labeled XUESHRIAVIB {!r}, it crumbles to dust.
It is a scroll of identify.
e - a +0 cloak You barely miss the rat.
The rat closely misses you.
You closely miss the rat. The rat barely misses you.
You hit the rat but do no damage. The rat completely misses you.
You hit the rat but do no damage. The rat closely misses you.
You hit the rat.
The rat is heavily wounded.
The rat misses you.
You hit the rat.
You kill the rat!
Lugonu accepts your kill.
You see here a rat corpse.
There is a staircase leading out of the dungeon here.
Are you sure you want to leave the Dungeon?
This will make you lose the game!
You have escaped!

######
#...@#
+....#
+...†#
#....#
######


There were no monsters in sight!

Vanquished Creatures
  A rat (D:1)
1 creature vanquished.

Notes
Turn   | Place    | Note
-------+----------+-------------------------------------------
     0 | Abyss:1  | Amnesiac the Spriggan Abyssal Knight began the quest for the Orb.
     0 | Abyss:1  | Reached XP level 1. HP: 11/11 MP: 3/3
    52 | Abyss:2  | Noticed a hellion
    52 | Abyss:2  | Noticed a large abomination
    55 | Abyss:2  | Noticed an orange demon
    63 | Abyss:2  | Noticed a thrashing horror
    75 | D:1      | Escaped the Abyss
    88 | D:$      | Got out of the dungeon alive.

Vault maps used:
D:1:      sevenhm_arrival_forest_fort_small_6, serial_glass, glass_columns_a,
          glass_columns_b, glass_columns_a, minmay_statues_item
Abyss:2:  minivault_5, evilmike_abyss_exit_14

Action                   || total
-------------------------++-------
Melee: Short sword       ||     6
Invok: Depart the Abyss  ||     1
  Use: Scroll            ||     1
Dodge: Dodged            ||     7

Table legend:
 A = Spawn XP
 B = Non-spawn XP
 C = Spawn XP percentage of total XP
 D = Spawn monster count
 E = Non-spawn monster count
 F = Spawn count percentage of total count
 G = Total turns spent on level
                    A         B        C        D         E        F      G
               +---------+---------+-------+---------+---------+-------+---------
         Total |       0 |       1 |   0.0 |       0 |       1 |   0.0 |    88
               +---------+---------+-------+---------+---------+-------+---------
           D:1 |       0 |       1 |   0.0 |       0 |       1 |   0.0 |    13
               +---------+---------+-------+---------+---------+-------+---------
